[Event "Titled Tuesday Blitz September 28 2021"]
[White "Cunha, Lucas Aguiar"]
[Black "Omariev, Maksim"]
[WhiteFideId "2125404"]
[BlackFideId "4193423"]
[WhiteElo "2361"]
[BlackElo "2463"]
[Result "1-0"]
[Round "11"]
[TimeControl "180+1"]
[Date "2021.09.28"]
[WhiteClock "0:00:33"]
[BlackClock "0:00:04"]

1. e4 c5 2. Nf3 d6 3. d4 cxd4 4. Qxd4 a6 5. c4 Nc6 6. Qd2 Nf6 7. Nc3 g6 8. b3 Bg7 9. Bb2 O-O 10. h3 Nd7 11. Be2 Nde5 12. O-O Nxf3+ 13. Bxf3 Nd4 14. Bd1 f5 15. Nd5 e5 16. Bxd4 exd4 17. Bf3 Be6 18. Rfe1 Bxd5 19. exd5 Qd7 20. Re6 Rae8 21. Rae1 Be5 22. h4 Kg7 23. g3 b6 24. Bg2 f4 25. Bh3 Rxe6 26. Bxe6 Qd8 27. Kg2 fxg3 28. fxg3 Qf6 29. Bg4 h5 30. Bd1 Qf5 31. Qe2 a5 32. Bc2 Qf6 33. Bd3 Kh6 34. Qd2+ Kg7 35. Rf1 Qe7 36. Rxf8 Qxf8 37. a3 Qf6 38. Qe2 Qf7 39. b4 axb4 40. axb4 Qf6 41. Qe4 Qf7 42. c5 bxc5 43. bxc5 Qf5 44. Qxf5 gxf5 45. c6 1-0


[Site "https://www.chess.com"]

[Event "Titled Tuesday Blitz September 28 2021"]
[White "Demidov, Mikhail"]
[Black "Khusnutdinov, Rustam"]
[WhiteFideId "4197143"]
[BlackFideId "13701703"]
[WhiteElo "2944"]
[BlackElo "2897"]
[Result "0-1"]
[Round "11"]
[TimeControl "180+1"]
[Date "2021.09.28"]
[WhiteClock "0:00:02"]
[BlackClock "0:00:25"]

1. Nf3 d5 2. g3 Nd7 3. d4 Nb6 4. b3 Bf5 5. Ba3 h6 6. Bg2 Nf6 7. O-O g5 8. c4 Bg7 9. Nc3 Ne4 10. Rc1 c6 11. cxd5 Nxc3 12. Rxc3 Nxd5 13. Rc5 O-O 14. Nxg5 hxg5 15. e4 Bxe4 16. Bxe4 e6 17. Re1 Re8 18. Bc1 f5 19. Bb1 Qf6 20. Qh5 g4 21. h3 gxh3 22. Qxh3 Kf7 23. Qh5+ Qg6 24. Qxg6+ Kxg6 25. Bb2 Rad8 26. Rc2 Kf7 27. Rce2 Nc7 28. Rd1 Rd7 29. Red2 Red8 30. Kf1 c5 31. d5 Nxd5 32. Bxg7 Ne3+ 33. Ke2 Nxd1 34. Rxd7+ Rxd7 35. Be5 b5 36. Bd3 Nxf2 37. Bxb5 Rd5 38. Bf4 Ne4 39. Bc4 Rd8 40. a4 Kf6 41. Bc7 Rh8 42. Kf3 Rh2 43. Ke3 Rc2 44. Bd3 Rc3 45. a5 Rxb3 46. a6 c4 0-1


[Site "https://www.chess.com"]

[Event "Titled Tuesday Blitz September 28 2021"]
[White "Demin, Vladimir"]
[Black "Rosen, Eric"]
[WhiteFideId "4167457"]
[BlackFideId "2032562"]
[WhiteElo "2531"]
[BlackElo "2362"]
[Result "0-1"]
[Round "11"]
[TimeControl "180+1"]
[Date "2021.09.28"]
[WhiteClock "0:01:57"]
[BlackClock "0:01:12"]

1. e4 e5 2. Nf3 Nf6 3. Nxe5 Nc6 4. Nxc6 dxc6 5. Bc4 Bc5 6. O-O Ng4 7. Qf3 Ne5 8. Qe2 Bg4 9. Bxf7+ Kxf7 10. Qe1 Nf3+ 11. gxf3 Bxf3 12. d4 Qh4 0-1


[Site "https://www.chess.com"]

[Event "Titled Tuesday Blitz September 28 2021"]
[White "Drozdowski, Kacper"]
[Black "Rozman, Levy"]
[WhiteFideId "1136720"]
[BlackFideId "2039877"]
[WhiteElo "2507"]
[BlackElo "2376"]
[Result "1-0"]
[Round "11"]
[TimeControl "180+1"]
[Date "2021.09.28"]
[WhiteClock "0:00:42"]
[BlackClock "0:00:03"]

1. e4 d5 2. exd5 Nf6 3. Nf3 Bg4 4. Be2 Qxd5 5. Nc3 Qh5 6. d3 Nc6 7. Be3 O-O-O 8. h3 e5 9. O-O Bd6 10. Ne4 Bxf3 11. Bxf3 Qg6 12. Nxd6+ Rxd6 13. Bc5 Re6 14. Qd2 e4 15. dxe4 Nxe4 16. Bxe4 Rxe4 17. Rfe1 Rhe8 18. Rxe4 Qxe4 19. Be3 f5 20. Rd1 Rd8 21. Qc1 Rxd1+ 22. Qxd1 f4 23. Bc5 b6 24. Ba3 Nd4 25. c3 Ne6 26. b3 g6 27. Bb2 h5 28. c4 Ng5 29. h4 Ne6 30. Bc3 a5 31. Bf6 Nc5 32. Kh2 Nd3 33. f3 Qe3 34. Bg5 Kb7 35. Qc2 a4 36. bxa4 Kb8 37. a5 bxa5 38. c5 Kb7 39. Qb3+ Kc6 40. Qa4+ Kxc5 41. Qxa5+ Kd6 42. Qa6+ c6 43. Qa3+ Kd5 44. Qb3+ Kd6 45. Qf7 Qd2 46. Qxg6+ Kd5 47. Qe4+ Kc5 48. Be7+ Kb6 49. Qd4+ Kb7 50. Bc5 Qe2 51. Qd7+ Kb8 52. Bd6+ Ka8 53. Qxc6+ Ka7 54. Qc7+ Ka6 55. Qc4+ Kb6 56. Bxf4 Nxf4 57. Qxf4 Qe1 58. Qf6+ Kc7 59. Qg5 1-0


[Site "https://www.chess.com"]

[Event "Titled Tuesday Blitz September 28 2021"]
[White "Dzhaparov, Medet"]
[Black "Redzisz, Michal"]
[WhiteFideId "13803689"]
[BlackFideId "21816107"]
[WhiteElo "1702"]
[BlackElo "1935"]
[Result "1-0"]
[Round "11"]
[TimeControl "180+1"]
[Date "2021.09.28"]
[WhiteClock "0:01:40"]
[BlackClock "0:02:15"]

1. d4 Nf6 2. c4 e6 3. Nc3 c5 4. d5 exd5 5. cxd5 d6 6. e4 g6 7. h3 Bg7 8. Nf3 O-O 9. Bd3 Ne8 10. O-O a6 11. a4 Nc7 12. Bg5 f6 13. Bf4 Qe7 14. Nd2 Nd7 15. Bh2 Rb8 16. Nc4 Ne5 17. a5 Nxc4 18. Bxc4 f5 19. Re1 f4 20. e5 Bxe5 21. Ne4 b5 22. axb6 Rxb6 23. Nxc5 dxc5 24. d6+ 1-0


[Site "https://www.chess.com"]

[Event "Titled Tuesday Blitz September 28 2021"]
[White "Ekdyshman, Mikhail"]
[Black "Aghasiyev, Kamal"]
[WhiteFideId "4149416"]
[BlackFideId "13402854"]
[WhiteElo "2256"]
[BlackElo "2210"]
[Result "0-1"]
[Round "11"]
[TimeControl "180+1"]
[Date "2021.09.28"]
[WhiteClock "0:00:03"]
[BlackClock "0:00:23"]

1. d4 d5 2. c4 e6 3. Nc3 Nf6 4. cxd5 exd5 5. Bg5 c6 6. e3 Nbd7 7. Bd3 h6 8. Bh4 Be7 9. Nge2 Nh5 10. Bg3 Nxg3 11. Nxg3 Nf6 12. Qc2 O-O 13. O-O-O Qa5 14. Kb1 Be6 15. f3 c5 16. Bf5 c4 17. e4 b5 18. e5 Nd7 19. Nxd5 Bxd5 20. Bxd7 Rfd8 21. Bf5 b4 22. b3 Rab8 23. Be4 cxb3 24. axb3 Rdc8 25. Qa2 Qb5 26. Nf5 Bf8 27. Ne3 Bxb3 28. Qxb3 Rc3 29. Qd5 Qa4 30. Rd2 Rxe3 31. Ra2 Ra3 32. Rxa3 bxa3+ 33. Ka1 Qb4 34. Rb1 Qc3+ 35. Ka2 Rb2+ 36. Ka1 Rxb1+ 37. Kxb1 Qb2# 0-1


[Site "https://www.chess.com"]

[Event "Titled Tuesday Blitz September 28 2021"]
[White "Erdogdu, Mert"]
[Black "Rodchenkov, Vitaly"]
[WhiteFideId "6301495"]
[BlackFideId "4152964"]
[WhiteElo "2485"]
[BlackElo "2337"]
[Result "1-0"]
[Round "11"]
[TimeControl "180+1"]
[Date "2021.09.28"]
[WhiteClock "0:01:29"]
[BlackClock "0:02:02"]

1. e4 c5 2. Nf3 d6 3. d4 cxd4 4. Nxd4 Nf6 5. Nc3 a6 6. Be3 e5 7. Nb3 Be7 8. f3 Be6 9. Qd2 Qc7 10. O-O-O b5 11. g4 O-O 12. g5 b4 13. Ne2 Nfd7 14. Kb1 a5 15. f4 a4 16. Nbc1 exf4 17. Nxf4 Ne5 18. Nxe6 fxe6 19. Bh3 Qc8 20. Qxb4 Nbc6 21. Qb5 Rb8 22. Qe2 Kh8 23. Rhf1 Qb7 24. Rxf8+ Bxf8 25. b3 Nb4 26. Bxe6 Qxe4 27. Ba7 Qxe2 28. Nxe2 Ra8 29. Bd4 Be7 30. h4 Nbc6 31. Bc3 a3 32. Nf4 Rc8 33. Bxc8 1-0


[Site "https://www.chess.com"]

[Event "Titled Tuesday Blitz September 28 2021"]
[White "Gaehwiler, Gabriel"]
[Black "Fier, Alexandr"]
[WhiteFideId "1314530"]
[BlackFideId "2107139"]
[WhiteElo "2320"]
[BlackElo "2569"]
[Result "0-1"]
[Round "11"]
[TimeControl "180+1"]
[Date "2021.09.28"]
[WhiteClock "0:00:17"]
[BlackClock "0:02:18"]

1. e4 Nf6 2. Nc3 d5 3. exd5 Nxd5 4. Bc4 Nb6 5. Bb3 c5 6. d3 Nc6 7. Be3 e6 8. Nf3 Be7 9. a4 Na5 10. Ba2 O-O 11. h4 Bd7 12. Bb1 Bc6 13. Qe2 c4 14. d4 Nd5 15. Nxd5 Bxd5 16. Bd2 Nc6 17. c3 f5 18. Bc2 Bd6 19. Ng5 Qd7 20. f4 h6 21. Nf3 Rae8 22. Ne5 Bxe5 23. fxe5 Na5 24. Rg1 Qc6 25. g4 Bf3 26. Qe3 fxg4 27. Bg6 Nb3 28. Ra3 a5 29. Bc2 Qd5 30. Rxb3 cxb3 31. Bd3 Rf7 32. c4 Qd7 33. Bxa5 Qxa4 34. Bc3 Ref8 35. Kd2 h5 36. Qg5 Rf5 37. Bxf5 Rxf5 38. Qd8+ Kh7 39. Qc7 Bc6 40. d5 Qxc4 41. dxc6 Rf2+ 42. Kc1 Qd3 0-1


[Site "https://www.chess.com"]

[Event "Titled Tuesday Blitz September 28 2021"]
[White "Gallego Alcaraz, Andres Felipe"]
[Black "Shuvalov, Evgenij"]
[WhiteFideId "4402669"]
[BlackFideId "4187237"]
[WhiteElo "2394"]
[BlackElo "2129"]
[Result "1-0"]
[Round "11"]
[TimeControl "180+1"]
[Date "2021.09.28"]
[WhiteClock "0:00:25"]
[BlackClock "0:00:12"]

1. Nf3 d5 2. c4 c6 3. b3 Nf6 4. Bb2 g6 5. g3 Bg7 6. Bg2 O-O 7. O-O a5 8. a3 a4 9. cxd5 Qxd5 10. bxa4 Qa5 11. Nc3 Nbd7 12. d4 Nb6 13. Ne5 Nxa4 14. Nxa4 Qxa4 15. Qxa4 Rxa4 16. Rac1 Be6 17. e3 Rfa8 18. Nxc6 bxc6 19. Bxc6 Rxa3 20. Bxa3 Rxa3 21. Ra1 Rxa1 22. Rxa1 Bd5 23. Ra8+ Bf8 24. Bxd5 Nxd5 25. e4 Nc3 26. f3 Ne2+ 27. Kf2 Nxd4 28. f4 f5 29. e5 Kf7 30. Ke3 Ne6 31. Ra5 g5 32. fxg5 Nxg5 33. Kf4 Kg6 34. Ra6+ e6 35. h4 Nf7 36. Rxe6+ Kg7 37. Kxf5 Bb4 38. Rb6 Be1 39. Rb7 Kf8 40. Kf6 Nd8 41. Rxh7 Ke8 42. g4 Bg3 43. g5 Nc6 44. e6 Be5+ 45. Kf5 Bb2 46. Rb7 Ba1 47. h5 Nd4+ 48. Kg6 Nxe6 49. h6 Kf8 50. Rb8+ Ke7 51. h7 Nf4+ 52. Kh6 Kf7 53. h8=Q Bxh8 54. Rxh8 Ne6 55. Rh7+ Kg8 56. Ra7 Nf4 57. g6 Kf8 58. g7+ Kg8 59. Ra8+ Kf7 60. Rf8+ Ke7 61. Rxf4 1-0


[Site "https://www.chess.com"]

[Event "Titled Tuesday Blitz September 28 2021"]
[White "Gelman, Alexander"]
[Black "Garv Gaur"]
[WhiteFideId "4118316"]
[BlackFideId "45030839"]
[WhiteElo "2375"]
[BlackElo "1950"]
[Result "1-0"]
[Round "11"]
[TimeControl "180+1"]
[Date "2021.09.28"]
[WhiteClock "0:00:07"]
[BlackClock "0:00:17"]

1. d4 d5 2. Nc3 Nf6 3. Bf4 Bf5 4. f3 e6 5. g4 Bg6 6. h4 h5 7. g5 Nfd7 8. e4 Bb4 9. exd5 exd5 10. Qe2+ Qe7 11. Qxe7+ Kxe7 12. Ne2 Nc6 13. O-O-O Nb6 14. Bxc7 Rhc8 15. Bxb6 axb6 16. Nxd5+ Kf8 17. a3 Ba5 18. Nef4 Bf5 19. Bh3 Nxd4 20. Rxd4 Rxc2+ 21. Kd1 Rac8 22. Bxf5 Rc1+ 23. Ke2 Re8+ 24. Re4 Rxh1 25. b4 Rxh4 26. bxa5 bxa5 27. Rxe8+ Kxe8 28. g6 Rh2+ 29. Ke3 h4 30. Nc7+ Ke7 31. Nfd5+ Kf8 32. gxf7 Kxf7 33. Nf4 Ra2 34. Nb5 Kf6 35. Bd3 g5 36. Ne2 h3 37. Kf2 g4 38. fxg4 Kg5 39. Kg3 Rd2 40. Bc4 Rc2 41. Bd3 Rd2 42. Nf4 h2 43. Be4 Rb2 44. Nd4 Ra2 45. Nf3+ Kf6 46. Nxh2 Rxa3+ 47. Nf3 b5 48. g5+ Kg7 49. Nh5+ Kf7 50. g6+ Ke6 51. g7 Kf7 52. Bd5+ Ke7 53. g8=Q Rxf3+ 54. Kxf3 b4 55. Qe6+ Kd8 56. Qf7 Kc8 57. Qb7+ Kd8 58. Nf6 b3 59. Qd7# 1-0


[Site "https://www.chess.com"]

[Event "Titled Tuesday Blitz September 28 2021"]
[White "Girinath, P.D.S."]
[Black "Jain Kashish Manoj"]
[WhiteFideId "5000572"]
[BlackFideId "35081098"]
[WhiteElo "2333"]
[BlackElo "1681"]
[Result "0-1"]
[Round "11"]
[TimeControl "180+1"]
[Date "2021.09.28"]
[WhiteClock "0:00:02"]
[BlackClock "0:00:11"]

1. e4 c5 2. Nf3 d6 3. Bb5+ Bd7 4. Bxd7+ Nxd7 5. O-O Ngf6 6. Re1 Rc8 7. c3 e6 8. d4 cxd4 9. cxd4 d5 10. e5 Ne4 11. Nbd2 Nxd2 12. Bxd2 Qb6 13. Qb3 Be7 14. Rac1 O-O 15. Qa4 Rc6 16. Rxc6 bxc6 17. b4 Qb7 18. Rc1 Rc8 19. Qb3 Nb6 20. Bc3 Nc4 21. g3 Rb8 22. Nd2 Nxd2 23. Bxd2 h6 24. Qc2 Qb6 25. Be3 Qxb4 26. Qxc6 Bg5 27. f4 Be7 28. Qd7 Qa3 29. Kf2 Qxa2+ 30. Kf3 Bf8 31. Rc7 Kh8 32. Qxf7 Qxh2 33. Qxe6 h5 34. Rc8 Qh1+ 35. Ke2 Rb2+ 36. Bd2 Qg2+ 0-1


[Site "https://www.chess.com"]

[Event "Titled Tuesday Blitz September 28 2021"]
[White "Gracia Alvarez, Gerardo Antonio"]
[Black "Lukovic, Vladimir"]
[WhiteFideId "5109124"]
[BlackFideId "942952"]
[WhiteElo "2148"]
[BlackElo "2436"]
[Result "0-1"]
[Round "11"]
[TimeControl "180+1"]
[Date "2021.09.28"]
[WhiteClock "0:00:33"]
[BlackClock "0:00:15"]

1. e4 e5 2. Nf3 Nc6 3. Nc3 Nf6 4. d4 exd4 5. Nxd4 Bb4 6. Nxc6 bxc6 7. Bd3 O-O 8. O-O Re8 9. Re1 d6 10. h3 h6 11. Bd2 Rb8 12. a3 Bc5 13. Rb1 Nd7 14. Na4 Bd4 15. Be3 Qf6 16. Bxd4 Qxd4 17. Nc3 Nc5 18. Bf1 Qxd1 19. Nxd1 Rxe4 20. Rxe4 Nxe4 21. Bd3 Nc5 22. Rc1 Be6 23. b4 Nd7 24. Nc3 f5 25. Ne2 Kf7 26. Nd4 c5 27. bxc5 Nxc5 28. Bxf5 Bd5 29. c4 Ba8 30. Nb5 g6 31. Bc2 Bc6 32. Nxc7 Rb2 33. Nd5 Bxd5 34. cxd5 Ra2 35. a4 Kf6 36. Kf1 a5 37. Ke2 Ke5 38. Ke3 Ra3+ 39. Ke2 Kxd5 40. Bxg6 Rxa4 41. Bf7+ Ke5 42. Rc3 Ne4 43. Rc7 d5 44. Rc2 Rb4 45. g3 a4 46. f4+ Kd6 47. g4 a3 48. Bg6 a2 49. Bxe4 a1=Q 50. Bd3 Qd4 0-1


[Site "https://www.chess.com"]

[Event "Titled Tuesday Blitz September 28 2021"]
[White "Gritsenko, Nikolai"]
[Black "Andreikin, Dmitry"]
[WhiteFideId "14112493"]
[BlackFideId "4158814"]
[WhiteElo "2389"]
[BlackElo "2736"]
[Result "0-1"]
[Round "11"]
[TimeControl "180+1"]
[Date "2021.09.28"]
[WhiteClock "0:00:13"]
[BlackClock "0:02:24"]

1. d4 d5 2. Nf3 Nf6 3. Bf4 c5 4. e3 Nc6 5. c3 g6 6. h3 Bg7 7. Nbd2 O-O 8. Bd3 Nd7 9. O-O e5 10. dxe5 Ndxe5 11. Nxe5 Nxe5 12. Be2 Be6 13. Nf3 Nc6 14. Qa4 Qb6 15. Qb5 d4 16. Bd6 dxc3 17. bxc3 Bxc3 18. Rac1 Bb4 19. Bxc5 Bxc5 20. Rxc5 Qxb5 21. Bxb5 Nb4 22. a3 b6 23. Rc3 Nd5 24. Rc2 a6 25. Bc6 Rac8 26. Rfc1 Ne7 27. Bb7 Rxc2 28. Rxc2 Bc8 29. Rc7 Bxb7 30. Rxb7 Nd5 31. e4 Nc3 32. Rxb6 Nxe4 33. Rb4 f5 34. h4 Rc8 35. Ng5 Rc1+ 36. Kh2 Nxf2 37. Rb8+ Kg7 38. Rb7+ Kf6 39. Nxh7+ Ke5 40. Re7+ Kf4 41. g3+ Kg4 42. Re3 Ne4 43. Nf6+ Nxf6 0-1


[Site "https://www.chess.com"]

[Event "Titled Tuesday Blitz September 28 2021"]
[White "Hansen, Eric"]
[Black "Bologan, Victor"]
[WhiteFideId "2606771"]
[BlackFideId "13900048"]
[WhiteElo "2568"]
[BlackElo "2511"]
[Result "1-0"]
[Round "11"]
[TimeControl "180+1"]
[Date "2021.09.28"]
[WhiteClock "0:00:05"]
[BlackClock "0:00:04"]

1. Nf3 Nf6 2. g3 g6 3. Bg2 Bg7 4. O-O O-O 5. c4 d6 6. d4 Nc6 7. Nc3 a6 8. b3 Rb8 9. d5 Na5 10. Be3 c5 11. dxc6 bxc6 12. Rc1 c5 13. h3 Bb7 14. Qd2 Re8 15. Rfd1 Nc6 16. Bg5 Qa5 17. Ne1 Ba8 18. Nd3 Nd4 19. Bxa8 Rxa8 20. Bxf6 Bxf6 21. Nd5 Qd8 22. Ne1 Bg7 23. e3 Nc6 24. Nf3 Qb8 25. h4 h5 26. Ng5 Qb7 27. Qe2 Ne5 28. Nf3 Nd7 29. Rd2 a5 30. Qd1 Qc6 31. Rb1 a4 32. Ne1 axb3 33. axb3 Ne5 34. Nf3 Nd7 35. Ne1 Ra7 36. Nd3 Kf8 37. Rc1 Rea8 38. b4 cxb4 39. N5xb4 Qe4 40. Nd5 Ra1 41. Rdc2 R1a3 42. Ne1 e6 43. Nb4 Be5 44. Nbd3 Ke7 45. c5 dxc5 46. Nxc5 Nxc5 47. Rxc5 Bd6 48. R5c4 Qd5 49. Rd4 Qe5 50. Nf3 Qf5 51. Rxd6 1-0


[Site "https://www.chess.com"]

[Event "Titled Tuesday Blitz September 28 2021"]
[White "Havanecz, Bianka"]
[Black "AleksanderHnydiuk"]
[WhiteFideId "704814"]
[WhiteElo "2419"]
[BlackElo "2609"]
[Result "1-0"]
[Round "11"]
[TimeControl "180+1"]
[Date "2021.09.28"]
[WhiteClock "0:00:09"]
[BlackClock "0:00:01"]

1. d4 Nf6 2. c4 g6 3. Nc3 Bg7 4. e4 d6 5. Bd3 O-O 6. Nge2 Nc6 7. Bc2 Nd7 8. O-O e5 9. d5 Nb4 10. Bb1 f5 11. exf5 gxf5 12. a3 Na6 13. b4 Qh4 14. Qb3 Nf6 15. f4 Bd7 16. fxe5 dxe5 17. Ra2 f4 18. Ne4 Nxe4 19. Bxe4 Rf6 20. c5 Kh8 21. Bd2 Rh6 22. h3 Rg8 23. Be1 Qg5 24. Kh2 Bf6 25. Ng1 Qg7 26. c6 bxc6 27. dxc6 Be8 28. Qd3 Nb8 29. b5 Qe7 30. Bb4 Qg7 31. a4 Bh4 32. Be1 Be7 33. Rd2 Qf6 34. Nf3 Bf7 35. Qc3 Bd6 36. Bf2 Be6 37. Bc5 Bxc5 38. Qxc5 Rg3 39. Ng1 Qg5 40. Qf8+ Bg8 41. Rd8 1-0


[Site "https://www.chess.com"]

[Event "Titled Tuesday Blitz September 28 2021"]
[White "Hess, Robert"]
[Black "Maly, Alexey"]
[WhiteFideId "2022036"]
[BlackFideId "14103184"]
[WhiteElo "2557"]
[BlackElo "2250"]
[Result "1/2-1/2"]
[Round "11"]
[TimeControl "180+1"]
[Date "2021.09.28"]
[WhiteClock "0:00:03"]
[BlackClock "0:00:16"]

1. b3 b6 2. Bb2 Bb7 3. Nf3 Nf6 4. g3 g6 5. Bg2 Bg7 6. O-O O-O 7. c4 c5 8. Nc3 Nc6 9. d4 cxd4 10. Nxd4 Rc8 11. Qd2 d6 12. Rac1 Qd7 13. Nxc6 Bxc6 14. e4 h5 15. Nd5 Bxd5 16. exd5 h4 17. Rce1 Rfe8 18. gxh4 b5 19. Bxf6 Bxf6 20. h5 Kg7 21. hxg6 fxg6 22. Qd3 bxc4 23. bxc4 Rh8 24. Re6 Rh4 25. Re4 Rch8 26. Rxh4 Rxh4 27. Re1 Qf5 28. Be4 Qf4 29. h3 Be5 30. Kf1 Qh2 31. Bg2 Rd4 32. Qe2 Rf4 33. c5 Bd4 34. Qxe7+ Rf7 35. cxd6 Bxf2 36. Qxf7+ Kxf7 37. Kxf2 Qxd6 38. Re3 Qc5 39. a3 Qc2+ 40. Kg3 Qc7+ 41. Kf2 Qc2+ 42. Re2 Qc5+ 43. Re3 Qc2+ 1/2-1/2


[Site "https://www.chess.com"]

[Event "Titled Tuesday Blitz September 28 2021"]
[White "Hjartarson, Johann"]
[Black "Martin Carmona, Gaston Manuel"]
[WhiteFideId "2300044"]
[BlackFideId "22284567"]
[WhiteElo "2502"]
[BlackElo "2161"]
[Result "1-0"]
[Round "11"]
[TimeControl "180+1"]
[Date "2021.09.28"]
[WhiteClock "0:00:25"]
[BlackClock "0:00:04"]

1. e4 e6 2. d4 d5 3. Nd2 dxe4 4. Nxe4 Bd7 5. Nf3 Bc6 6. Bd3 Nd7 7. O-O Ngf6 8. Bg5 Be7 9. Ng3 Bxf3 10. Qxf3 c6 11. Rfe1 O-O 12. c4 Qb6 13. b3 a5 14. Rad1 a4 15. h4 axb3 16. axb3 Ra3 17. Bc2 Ra2 18. Qd3 Rfa8 19. Ne4 h6 20. Nxf6+ Nxf6 21. Bxf6 Bxf6 22. d5 cxd5 23. cxd5 Qc5 24. Re2 Ra1 25. dxe6 Rxd1+ 26. Bxd1 Rd8 27. exf7+ Kxf7 28. Qb1 Bxh4 29. b4 Qd6 30. Bb3+ Kf8 31. Qh7 Qd1+ 32. Bxd1 Rxd1+ 33. Kh2 1-0


[Site "https://www.chess.com"]

[Event "Titled Tuesday Blitz September 28 2021"]
[White "Ibrahimli, Murad"]
[Black "Salinas Herrera, Pablo"]
[WhiteFideId "13410229"]
[BlackFideId "3407128"]
[WhiteElo "2109"]
[BlackElo "2541"]
[Result "0-1"]
[Round "11"]
[TimeControl "180+1"]
[Date "2021.09.28"]
[WhiteClock "0:00:05"]
[BlackClock "0:00:42"]

1. c4 c6 2. Nc3 d5 3. d4 Nf6 4. e3 Nbd7 5. Nf3 e6 6. Qc2 Bd6 7. Bd3 O-O 8. O-O dxc4 9. Bxc4 a6 10. a4 Qc7 11. h3 b5 12. axb5 cxb5 13. Bd3 Bb7 14. Qe2 e5 15. Bf5 Rfe8 16. Rd1 exd4 17. Nxd4 Nc5 18. Bd2 Bh2+ 19. Kh1 Be5 20. Nf3 Nb3 21. Rab1 Bd6 22. Be1 Rad8 23. Bc2 Na5 24. Rbc1 Qb6 25. Ng5 Nc4 26. b3 Na3 27. Bd3 Bb8 28. Nf3 Rd7 29. Na2 a5 30. Nc3 Bc6 31. Qb2 b4 32. Na4 Qc7 33. Be2 Rxd1 34. Bxd1 Qd6 35. g3 Qxd1 36. Rxd1 Bxf3+ 37. Kg1 Bxd1 38. Nc5 Rc8 39. Qc1 Bxb3 40. Qd2 h5 41. Qd3 Bc4 42. Qd4 Ba7 0-1


[Site "https://www.chess.com"]

[Event "Titled Tuesday Blitz September 28 2021"]
[White "Indjic, Aleksandar"]
[Black "Shimelkov, Vasiliy"]
[WhiteFideId "911925"]
[BlackFideId "13701630"]
[WhiteElo "2643"]
[BlackElo "2073"]
[Result "0-1"]
[Round "11"]
[TimeControl "180+1"]
[Date "2021.09.28"]
[WhiteClock "0:00:13"]
[BlackClock "0:00:16"]

1. e4 c6 2. Nf3 d5 3. Nc3 dxe4 4. Nxe4 Nf6 5. Qe2 Nxe4 6. Qxe4 Nd7 7. Bc4 Nf6 8. Ne5 e6 9. Qe2 Be7 10. c3 O-O 11. d4 c5 12. dxc5 Bxc5 13. Bg5 Be7 14. h4 h6 15. Bd2 b6 16. O-O-O Qc7 17. g4 Bb7 18. Rhe1 Bd5 19. Bd3 Nd7 20. Nxd7 Qxd7 21. g5 hxg5 22. hxg5 Rfd8 23. Qh5 g6 24. Bxg6 fxg6 25. Qxg6+ Kf8 26. Qh6+ Kg8 27. Qg6+ Kf8 28. Be3 Bc5 29. Rd4 Bxd4 30. Bxd4 Qf7 31. Qh6+ Ke8 32. g6 Qf3 33. Qh7 Qf4+ 34. Re3 Qf5 35. b3 Rac8 36. Kb2 Qxf2+ 37. Ka3 Qf5 38. Rh3 Be4 39. Rh6 Qf8+ 40. b4 Rxd4 41. g7 Rxc3+ 42. Kb2 Qxb4+ 0-1


[Site "https://www.chess.com"]

[Event "Titled Tuesday Blitz September 28 2021"]
[White "Jobava, Baadur"]
[Black "Visakh N R"]
[WhiteFideId "13601520"]
[BlackFideId "25012223"]
[WhiteElo "2731"]
[BlackElo "2454"]
[Result "1-0"]
[Round "11"]
[TimeControl "180+1"]
[Date "2021.09.28"]
[WhiteClock "0:02:57"]
[BlackClock "0:02:20"]

1. e4 c6 2. c4 d5 3. cxd5 cxd5 4. exd5 Nf6 5. Qa4+ Nbd7 6. Nc3 g6 7. Nf3 Bg7 8. Bc4 O-O 9. d3 Nb6 10. Qb3 Nfd7 11. Be3 Ne5 12. Nxe5 Bxe5 13. O-O Bf5 14. Rfe1 Rc8 15. Bxb6 1-0


[Site "https://www.chess.com"]

[Event "Titled Tuesday Blitz September 28 2021"]
[White "Kamsky, Gata"]
[Black "Reprintsev, Alexander"]
[WhiteFideId "2000024"]
[BlackFideId "14100541"]
[WhiteElo "2603"]
[BlackElo "2126"]
[Result "1-0"]
[Round "11"]
[TimeControl "180+1"]
[Date "2021.09.28"]
[WhiteClock "0:01:41"]
[BlackClock "0:00:15"]

1. e4 d5 2. exd5 Qxd5 3. Nc3 Qa5 4. Bc4 Nf6 5. Nge2 Nc6 6. O-O e5 7. d3 Bf5 8. Bd2 O-O-O 9. Ne4 Qb6 10. Ng5 Bg6 11. Bxf7 Qxb2 12. Bxg6 hxg6 13. Nf7 Bc5 14. Nxd8 Rxd8 15. Bc3 Qa3 16. Qb1 Nd5 17. Bd2 Rf8 18. Qb3 Nb6 19. Qxa3 Bxa3 20. Rab1 a6 21. g3 Bc5 22. Kg2 Nd5 23. h4 b5 24. c4 Ndb4 25. cxb5 axb5 26. Be3 Nxd3 27. Bxc5 Nxc5 28. Rbc1 1-0


[Site "https://www.chess.com"]

[Event "Titled Tuesday Blitz September 28 2021"]
[White "Kislov, Oleg"]
[Black "Pakleza, Zbigniew"]
[WhiteFideId "13503774"]
[BlackFideId "1119290"]
[WhiteElo "2252"]
[BlackElo "2526"]
[Result "1-0"]
[Round "11"]
[TimeControl "180+1"]
[Date "2021.09.28"]
[WhiteClock "0:00:09"]
[BlackClock "0:00:04"]

1. e4 d6 2. d4 Nf6 3. Nc3 c6 4. f3 Qb6 5. Bc4 e6 6. Nge2 d5 7. Bd3 Be7 8. O-O O-O 9. Kh1 Qd8 10. e5 Nfd7 11. f4 c5 12. dxc5 Nc6 13. Be3 Nxc5 14. Nd4 g6 15. Qd2 Bd7 16. Qf2 Nxd3 17. cxd3 Rc8 18. Nxc6 bxc6 19. Bc5 Rb8 20. b4 Rxb4 21. Bxb4 Bxb4 22. Na4 Qa5 23. a3 Be7 24. Qc2 c5 25. Nc3 Rc8 26. Rab1 Bf8 27. a4 c4 28. d4 Bb4 29. Nb5 Bxb5 30. axb5 Qxb5 31. Qd2 Bxd2 32. Rxb5 c3 33. Rc5 Rb8 34. h4 h5 35. Ra1 Rb7 36. g3 Kg7 37. Kg2 Be3 38. Ra4 Rb2+ 39. Kf3 Bg1 40. g4 hxg4+ 41. Kxg4 c2 42. Rc7 Rb8 43. Raxa7 Rf8 44. Rxc2 Bxd4 45. Rb7 Be3 46. h5 gxh5+ 47. Kxh5 d4 48. Kg4 Kg6 49. Rg2 1-0


[Site "https://www.chess.com"]

[Event "Titled Tuesday Blitz September 28 2021"]
[White "Korchmar, Vasiliy"]
[Black "Kanyamarala, Tarun"]
[WhiteFideId "24131750"]
[BlackFideId "45004714"]
[WhiteElo "2370"]
[BlackElo "2077"]
[Result "1-0"]
[Round "11"]
[TimeControl "180+1"]
[Date "2021.09.28"]
[WhiteClock "0:01:41"]
[BlackClock "0:01:14"]

1. e4 c5 2. Nf3 Nc6 3. d4 cxd4 4. Nxd4 Nf6 5. Nc3 e5 6. Ndb5 d6 7. Bg5 a6 8. Bxf6 gxf6 9. Na3 b5 10. Nd5 Bg7 11. g3 f5 12. Bg2 fxe4 13. Bxe4 Be6 14. Qh5 Rc8 15. c3 Ne7 16. Rd1 Nxd5 17. Bxd5 O-O 18. Nc2 Rc5 19. Ne3 Bxd5 20. Nxd5 f5 21. O-O Rf7 22. Rd2 f4 23. Rfd1 fxg3 24. hxg3 Qf8 25. Ne3 e4 26. Qg4 d5 27. Nxd5 Kh8 28. Nf4 Bf6 29. Ne6 Qc8 30. Qxe4 h5 31. Rd8+ 1-0


[Site "https://www.chess.com"]